Map: Neon Violet Square LE

Players

Classic - Winner!

  • Race: Protoss Protoss
  • Spawn Location: 11:00

Neeb

  • Race: Protoss Protoss
  • Spawn Location: 5:00

Event: WESG 2017 Haikou

VOD

Have the link to the VOD?

Description

Time

  • Played on: March 15, 2018, 4:35 a.m.
  • Length: 10:45

All games in this series

Show
View Real Time Build Order
Export as new Build Order

Classic Protoss - Winner!

Build Orders: Phoenix Opening 

Get SALT Encoding   

  12  0:00  Probe  
  13  0:12  Probe  
  14  0:17  Pylon  
  14  0:24  Probe (Chrono Boost)  
  15  0:36  Probe (Chrono Boost)  
  15  0:37  Gateway  
  16  0:45  Probe (Chrono Boost)  
  16  0:46  Assimilator  
  17  0:51  Probe (Chrono Boost)  
  17  0:55  Assimilator  
  18  1:03  Probe (Chrono Boost)  
  19  1:10  Probe (Chrono Boost)  
  20  1:12  Gateway  
  20  1:17  Probe  
  21  1:25  Cybernetics Core  
  21  1:30  Probe  
  22  1:38  Pylon  
  22  1:42  Probe  
  23  1:56  Probe  
  24  2:02  Stalker x2  
  24  2:08  Warp Gate  
  28  2:14  Pylon  
  27  2:29  Stargate  
  27  2:33  Stalker  
  29  2:39  Stalker  
  31  3:11  Phoenix (Chrono Boost)  
  33  3:16  Nexus  
  33  3:32  Phoenix (Chrono Boost)  
  35  3:40  Gateway  
  35  3:42  Pylon  
  35  3:57  Robotics Facility  
  35  4:01  Probe  
  36  4:13  Stalker  
  36  4:16  Stalker  
  38  4:30  Gateway  
  36  4:32  Probe x2  
  38  4:40  Sentry x2  
  38  4:45  Observer (Chrono Boost)  
  43  4:47  Probe x2  
  45  4:58  Observer (Chrono Boost)  
  45  4:59  Probe x2  
  48  5:08  Adept x2  
  48  5:11  Probe (Chrono Boost)  
  48  5:12  Probe (Chrono Boost)  
  54  5:24  Probe x2 (Chrono Boost)  
  54  5:27  Pylon  
  56  5:30  Probe (Chrono Boost)  
  56  5:31  Forge, Probe (Chrono Boost)  
  56  5:33  Assimilator  
  56  5:34  Assimilator  
  58  5:38  Probe x2  
  60  5:45  Immortal  
  60  5:49  Phoenix  
  66  5:53  Probe  
  67  6:02  Protoss Ground Weapons Level 1 (Chrono Boost)  
  65  6:06  Probe x2  
  65  6:09  Pylon  
  65  6:18  Probe x2  
  65  6:20  Nexus  
  65  6:23  Pylon  
  67  6:30  Probe x2  
  69  6:36  Immortal  
  73  6:42  Probe x2  
  75  6:50  Twilight Council  
  75  6:57  Probe x2  
  75  7:01  Gateway x2  
  77  7:09  Probe x2, Gateway  
  77  7:15  Gateway  
  83  7:22  Immortal  
  83  7:28  Probe x2  
  85  7:31  Charge  
  85  7:32  Probe  
  85  7:36  Protoss Ground Weapons Level 2 (Chrono Boost)  
  86  7:41  Probe x2  
  88  7:44  Assimilator  
  88  7:47  Assimilator  
  88  7:50  Templar Archives  
  89  7:56  Pylon  
  88  7:59  Warp Prism (Chrono Boost)  
  88  8:00  Pylon  
  90  8:15  Gateway  
  90  8:16  Gateway  
  90  8:17  Zealot x3  
  90  8:18  Zealot  
  98  8:22  Zealot  
  98  8:23  Zealot  
  98  8:27  Pylon  
  102  8:40  Photon Cannon  
  100  8:44  High Templar x4  
  100  8:45  High Templar x2  
  100  8:48  Gateway  
  112  8:49  Archon  
  112  8:50  Archon x2  
  112  8:51  Gateway  
  112  8:54  Pylon, Observer  
  113  9:06  Pylon  
  113  9:10  High Templar  
  113  9:11  High Templar  
  113  9:16  Archon, High Templar x2  
  121  9:17  Zealot  
  121  9:18  Zealot x3  
  121  9:20  Archon  
  129  9:27  Pylon  
  129  9:28  Pylon  
  130  9:33  Nexus  
Show
View Real Time Build Order
Export as new Build Order

Neeb Protoss 

Build Orders: Dark Templar Rush 

Get SALT Encoding   

  12  0:01  Probe  
  13  0:13  Probe  
  14  0:19  Pylon  
  14  0:25  Probe (Chrono Boost)  
  15  0:37  Probe (Chrono Boost)  
  15  0:38  Gateway  
  16  0:46  Probe (Chrono Boost)  
  16  0:47  Assimilator  
  17  0:51  Probe (Chrono Boost)  
  17  0:56  Assimilator  
  18  1:03  Probe (Chrono Boost)  
  19  1:11  Probe (Chrono Boost)  
  20  1:12  Gateway  
  20  1:17  Probe  
  21  1:25  Cybernetics Core  
  21  1:34  Probe  
  21  1:39  Pylon  
  22  1:46  Probe  
  23  1:59  Probe  
  24  2:01  Warp Gate (Chrono Boost)  
  24  2:03  Stalker x2  
  28  2:11  Probe  
  29  2:17  Pylon  
  29  2:30  Twilight Council  
  29  2:34  Adept  
  31  2:38  Adept  
  33  3:06  Dark Shrine  
  33  3:13  Nexus  
  33  3:18  Probe  
  34  3:27  Shield Battery  
  34  3:33  Stalker (Chrono Boost)  
  36  3:39  Stalker (Chrono Boost)  
  38  3:53  Pylon  
  34  3:59  Pylon  
  33  4:03  Pylon  
  28  4:27  Sentry  
  28  4:29  Dark Templar  
  30  4:32  Probe  
  27  4:39  Probe  
  27  4:44  Probe  
  27  4:51  Probe (Chrono Boost)  
  28  4:56  Probe (Chrono Boost)  
  28  4:57  Stalker  
  31  5:03  Probe (Chrono Boost)  
  31  5:06  Probe (Chrono Boost)  
  33  5:09  Stalker  
  33  5:10  Probe (Chrono Boost)  
  33  5:12  Probe  
  36  5:20  Probe  
  35  5:25  Probe  
  35  5:27  Stalker  
  38  5:32  Probe  
  38  5:34  Stalker  
  41  5:38  Probe  
  42  5:44  Probe  
  42  5:50  Probe  
  42  5:52  Blink (Chrono Boost)  
  42  5:54  Stalker  
  45  6:02  Probe x2 (Chrono Boost)  
  44  6:09  Stalker  
  46  6:13  Probe (Chrono Boost)  
  46  6:16  Probe (Chrono Boost)  
  48  6:18  Probe (Chrono Boost)  
  48  6:20  Stalker  
  48  6:24  Probe  
  52  6:28  Probe  
  53  6:36  Probe  
  54  6:42  Probe  
  53  6:47  Pylon  
  53  6:48  Probe  
  53  6:49  Nexus  
  53  6:52  Assimilator  
  54  6:59  Assimilator  
  54  7:05  Forge, Probe x2  
  56  7:10  Robotics Facility  
  56  7:17  Sentry x2, Probe x2  
  56  7:22  Pylon  
  62  7:24  Pylon  
  62  7:29  Probe, Pylon  
  60  7:32  Probe  
  61  7:38  Protoss Ground Weapons Level 1  
  61  7:41  Probe  
  63  7:44  Probe  
  63  7:53  Probe  
  63  7:56  Sentry x2, Probe  
  69  8:00  Robotics Facility  
  69  8:02  Robotics Bay  
  69  8:05  Probe  
  70  8:06  Observer  
  70  8:09  Probe (Chrono Boost)  
  70  8:10  Probe (Chrono Boost)  
  73  8:13  Pylon  
  73  8:17  Probe (Chrono Boost)  
  74  8:21  Probe (Chrono Boost), Assimilator  
  74  8:24  Assimilator  
  74  8:27  Probe (Chrono Boost)  
  76  8:28  Probe x2 (Chrono Boost)  
  76  8:33  Probe  
  76  8:34  Probe  
  76  8:36  Probe  
  78  8:45  Probe  
  78  8:46  Probe, Disruptor x2 (Chrono Boost)  
  78  8:48  Probe  
  87  8:57  Probe  
  87  8:58  Gateway  
  87  9:01  Gateway  
  88  9:11  Disruptor (Chrono Boost)  
  88  9:12  Disruptor (Chrono Boost)  
  88  9:16  Gateway  
  94  9:17  Gateway  
  94  9:25  Stalker x2  
  94  9:27  Shield Battery  
Tags
 
Add a new tag
Caveats
  • Supply blocks, unpowered buildings, or Contaminate may cause inaccurate times.
  • Supply counts are checked every 10 seconds.